 Dungeon Crawl Stone Soup version 0.28.0-47-ge53b351184 (webtiles) character file.

Game seed: 18356788824572165104

91 CryoSword the Firebug (level 4, -1/30 HPs)
             Began as a Demonspawn Fire Elementalist on Apr 26, 2022.
             Slain by an orc
             ... wielding a +0 dagger
              (3 damage)
             ... on level 3 of the Dungeon.
             The game lasted 00:02:32 (2979 turns).

CryoSword the Firebug (DsFE)                        Turns: 2979, Time: 00:02:33

Health: -1/30      AC:  2    Str: 10    XL:     4   Next: 33%
Magic:  0/7        EV: 12    Int: 17    God:
Gold:   25         SH:  0    Dex: 13    Spells: 4/7 levels left

rFire   . . .      SeeInvis .   h - +2 spear (vorpal)
rCold   . . .      Faith    .   (no shield)
rNeg    . . .      Spirit   .   a - +0 robe
rPois   .          Reflect  .   (helmet restricted)
rElec   .          Harm     .   (no cloak)
rCorr   .          Rampage  .   (no gloves)
Will    .....                   (no boots)
Stlth   ++........              (no amulet)
HPRegen 0.10/turn               (no ring)
MPRegen 0.10/turn               (no ring)

@: no status effects
A: hooves 1, horns 1
a: no special abilities


You were on level 3 of the Dungeon.
You visited 1 branch of the dungeon, and saw 3 of its levels.

You collected 25 gold pieces.

Inventory:

Hand Weapons
 h - a +2 vorpal spear (weapon)
   (You found it on level 1 of the Dungeon)
Armour
 a - a +0 robe (worn)
 c - a +0 pair of boots
   (You found it on level 1 of the Dungeon)
Scrolls
 b - 3 scrolls of teleportation {unknown}
 d - 2 scrolls of amnesia {unknown}
 e - 4 scrolls of identify {unknown}
 g - a scroll of brand weapon {unknown}
 i - a scroll of blinking {unknown}
 o - a scroll of enchant armour {unknown}
Potions
 f - a potion of resistance {unknown}
 j - 3 potions of ambrosia {unknown}
 k - 2 potions of lignification {unknown}
 l - a potion of curing {unknown}
 m - a potion of heal wounds {unknown}
 n - 2 potions of brilliance {unknown}


   Skills:
 - Level 1.7 Dodging
 - Level 1.7 Stealth
 + Level 2.4 Spellcasting
 + Level 2.5 Conjurations
 * Level 3.8 Fire Magic


You had 4 spell levels left.
You knew the following spells:

 Your Spells              Type           Power      Damage    Failure   Level
a - Foxfire               Conj/Fire      48%        2x1d6     4%          1
b - Scorch                Fire           30%        2d6       6%          2

Your spell library contained the following spells:

 Spells                   Type           Power      Damage    Failure   Level
 Conjure Flame            Conj/Fire      12%        6-21      16%         3
 Inner Flame              Hex/Fire       8%         N/A       26%         3
 Flame Wave               Conj/Fire      12%        2d6       45%         4


Dungeon Overview and Level Annotations

Branches:
Dungeon (3/15)

Altars:
Lugonu

Portals:
Abyss: D:3


Innate Abilities, Weirdness & Mutations

You have large cloven feet.
You have a pair of small horns on your head.


Message History

Found a corrupted altar of Lugonu.
You conjure some foxfire!
The kobold shouts!
You conjure some foxfire!
The foxfire hits the kobold.
You conjure some foxfire!
The foxfire hits the kobold.
You kill the kobold!
You conjure some foxfire!
The foxfire hits the lurking horror.
Your body is wracked with pain!
Unknown command.
You start resting.
There is a stone staircase leading down here.
A hobgoblin comes into view.
A hobgoblin is nearby!
A hobgoblin is nearby!
The hobgoblin shouts!
A frilled lizard comes into view.
You hit the hobgoblin.
You kill the hobgoblin!
You reach to attack!
You hit the frilled lizard.
You kill the frilled lizard!
b - 3 scrolls labelled WEPAIHUPRE (gained 1)
An adder comes into view.
An adder is nearby!
An adder is nearby!
An adder is nearby!
You conjure some foxfire!
The adder hisses angrily.
The foxfire hits the adder.
You miscast Scorch.
You are very lightly contaminated with residual magic.
Nothing appears to happen.
The foxfire hits the adder.
The adder bites you.
You are poisoned.
The adder poisons you!
You conjure some foxfire!
You feel sick. The adder barely misses you.
Flames lash the adder.
You kill the adder!
You feel sick.
A bat comes into view.
A bat is nearby!
A bat is nearby!
A bat is nearby!
You reach to attack!
You closely miss the bat.
You feel sick.
The foxfire hits the bat.
The bat hits you but does no damage.
You reach to attack!
You hit the bat.
You kill the bat!
You feel sick.
You are no longer poisoned.
No target in view!
Your magical contamination has completely faded away.
n - 2 fuming brown potions You now have 25 gold pieces (gained 15).
o - a scroll labelled IRI ZUYCRA
Found a stone staircase leading up.
Found 24 stones.
j - 3 golden potions (gained 1)
A bat comes into view.
A bat is nearby!
A bat is nearby!
A bat is nearby!
You hit the bat.
You kill the bat!
No target in view!
No target in view!
Found 13 sling bullets.
You see here 27 stones.
There is a corrupted altar of Lugonu here.
Key pressed, stopping explore.
You see here a frilled lizard skeleton.
Found an escape hatch in the ceiling.
There is an escape hatch in the ceiling here.
A goblin comes into view. It is wielding a +0 club.
The goblin shouts!
A goblin is nearby!
A goblin is nearby!
A goblin is nearby!
You reach to attack!
You hit the goblin.
You kill the goblin!
No target in view!
No target in view!
No target in view!
No target in view!
No target in view!
No target in view!
No target in view!
Things that are here:
a +0 club; a goblin corpse A hobgoblin comes into view.
A hobgoblin is nearby!
The hobgoblin shouts!
You reach to attack!
You closely miss the hobgoblin. You hit the hobgoblin.
Your kick misses the hobgoblin. You punch the hobgoblin.
You kill the hobgoblin!
No target in view!
No target in view!
No target in view!
No target in view!
No target in view!
No target in view!
No target in view!
Found 17 arrows.
An orc comes into view. It is wielding a +0 mace.
The orc shouts!
An orc comes into view. It is wielding a +0 dagger.
There are monsters nearby!
An orc priest comes into view. It is wielding a +0 hand axe.
An orc priest comes into view. It is wielding a +0 dagger.
The orc priest shouts!
The orc shouts!
The orc priest shouts!
You puncture the orc!
You kill the orc!
Found 10 gold pieces.
Found a stone staircase leading down.
Things that are here:
a +0 mace; an orc corpse You hit the orc priest.
You kick the orc priest. The orc misses you.
You barely miss the orc priest. Your headbutt misses the orc priest.
The orc barely misses you.
The orc priest calls upon Beogh to heal the orc priest.
The orc priest is healed somewhat.
The orc priest barely misses you.
You hit the orc priest. The orc barely misses you.
The orc priest miscasts a cantrip.
The orc priest hits you with a +0 hand axe.
You hit the orc priest.
You headbutt the orc priest, but do no damage.
The orc priest hits you with a +0 hand axe!
You are too injured to fight recklessly!
You are too injured to fight recklessly!
Unknown command.
Flames lash the orc priest.
You kill the orc priest!
The orc hits you with a +0 dagger. The orc priest misses you.
You have reached level 4!
You feel clever.
Flames lash the orc priest.
The orc priest's fire resistance burns away.
The orc hits you with a +0 dagger.
The orc priest hits you but does no damage.
Flames lash the orc priest.
The orc priest is burned terribly!
The orc misses you.
The orc priest hits you but does no damage.
You don't have enough magic to cast this spell.
You barely miss the orc priest. You kick the orc priest.
The orc hits you with a +0 dagger.
* * * LOW HITPOINT WARNING * * *
The orc priest calls down the wrath of Beogh upon you.
Beogh smites you!
* * * LOW HITPOINT WARNING * * *
You hit the orc priest.
You kill the orc priest!
The orc hits you with a +0 dagger.
You die...

#### #...##. ##......>
###o.......
########..@)(.....
####........#)......$
####....#########.......
.....#### #...##. .#####
#### ## ####### #.....#
#.....# #.....#


You could see an orc.

Vanquished Creatures
  2 orc priests (D:3)
  An adder (D:3)
  A worm (D:2)
  A dart slug (D:3)
  An orc (D:3)
  2 ball pythons (D:1)
  2 endoplasms
  A giant cockroach (D:1)
  3 goblins
  8 hobgoblins
  2 quokkas
  4 bats
  3 frilled lizards
  7 kobolds
  7 rats
  A lurking horror (D:3)
46 creatures vanquished.

Vanquished Creatures (others)
  68 foxfires
  2 fungi (D:2)
  A plant (D:2)
71 creatures vanquished.

Grand Total: 117 creatures vanquished

Notes
Turn   | Place    | Note
-------+----------+-------------------------------------------
     0 | D:1      | CryoSword the Demonspawn Fire Elementalist began the quest
                  | for the Orb.
     0 | D:1      | Reached XP level 1. HP: 13/13 MP: 3/3
     3 | D:1      | Noticed an electric eel
     4 | D:1      | Noticed an electric eel
   449 | D:1      | Reached skill level 3 in Fire Magic
   531 | D:1      | Discovered your monstrous ancestry.
   531 | D:1      | Gained mutation: You have a pair of small horns on your
                  | head. [demonic ancestry]
   531 | D:1      | Reached XP level 2. HP: 12/19 MP: 1/5
  1171 | D:2      | Learned a level 2 spell: Scorch
  1890 | D:2      | Gained mutation: You have large cloven feet. [demonic
                  | ancestry]
  1890 | D:2      | Reached XP level 3. HP: 24/24 MP: 6/6
  1936 | D:2      | Found a faded altar of an unknown god.
  2385 | D:3      | Found a one-way gate to the infinite horrors of the Abyss.
  2461 | D:3      | Found a corrupted altar of Lugonu.
  2976 | D:3      | Reached XP level 4. HP: 17/30 MP: 4/7
  2979 | D:3      | Slain by an orc

Illustrated notes

Levels and vault maps discovered:
D:1:      arrival_aquarium_b, layout_rooms
D:2:      layout_loops_corners, dreamdust_ecumenical_altar_hidden_monk_grotto,
          hex_medium
D:3:      layout_rooms, amcnicky_altar_lugonu_corruption

Skill      XL: |  1  2 |
---------------+-------+-----
Fire Magic     | 3 |  3.8
Conjurations   | 2 |  2.5
Dodging        | |  1.7
Stealth        | |  1.7
Spellcasting   | |  2.4

Action                   |  1- 3 |  4- 6 || total
-------------------------+-------+-------++-------
Melee: Unarmed           |    10 |       ||    10
       Dagger            |    10 |       ||    10
       Spear             |    47 |     2 ||    49
       Headbutt          |     3 |       ||     3
       Kick              |     3 |     1 ||     4
       Punch             |     1 |       ||     1
 Cast: Foxfire           |    41 |       ||    41
       Scorch            |     5 |     2 ||     7
 Stab: Sleeping          |     3 |       ||     3
       Distracted        |     1 |       ||     1
Armor: Robe              |     5 |     2 ||     7
Dodge: Dodged            |    27 |     1 ||    28
